 Dungeon Crawl Stone Soup version 0.20.1-1-g8b1a95d (webtiles) character file.

628 letownia2 the Grave Robber (level 7, -4/60 HPs)
             Began as a Deep Dwarf Necromancer on Nov 1, 2017.
             Slain by an orc warrior
             ... wielding a +0 glaive
              (9 damage)
             ... on level 6 of the Dungeon.
             The game lasted 00:08:05 (2892 turns).

letownia2 the Grave Robber (Deep Dwarf Necromancer) Turns: 2892, Time: 00:08:05

Health: -4/60      AC:  5    Str: 12    XL:     7   Next: 23%
Magic:  3/11       EV: 11    Int: 17    God:
Gold:   98         SH:  0    Dex: 13    Spells: 8/12 levels left

rFire    . . .     SeeInvis .   l - +1 dagger of Descent {pierce, rN+} (curse)
rCold    . . .     Gourm    .   (no shield)
rNeg     + . .     Faith    .   j - +0 ring mail
rPois    .         Spirit   .   (no helmet)
rElec    .         Reflect  .   (no cloak)
rCorr    .         Harm     .   (no gloves)
MR       +....                  (no boots)
Stlth    +.........             r - amulet of magic regeneration
Regen    0.0/turn               (no ring)
MPRegen  0.2/turn               (no ring)

@: non-regenerating
A: damage resistance, heal wounds, sense surroundings 1, no regeneration
a: Heal Wounds


You were on level 6 of the Dungeon.
You were not hungry.

You visited 1 branch of the dungeon, and saw 6 of its levels.

You collected 98 gold pieces.

Inventory:

Hand Weapons
 h - a +0 battleaxe
 l - the cursed +1 dagger of Descent (weapon) {pierce, rN+}
   (You found it on level 4 of the Dungeon)

   It inflicts extra damage upon your enemies.
   It protects you from negative energy.
   It has a curse placed upon it.
 s - a +1 dagger of venom
 u - a +3 hand axe of electrocution
Missiles
 i - 8 tomahawks (quivered)
 n - a throwing net
Armour
 j - a +0 ring mail (worn)
Magical Staves
 a - an uncursed staff of air
Jewellery
 r - an amulet of magic regeneration (around neck)
Wands
 p - a wand of confusion (21/48)
Scrolls
 e - 2 scrolls of teleportation {unknown}
 f - 2 scrolls of identify
 k - 2 scrolls of remove curse {unknown}
 m - a scroll of enchant weapon {unknown}
Potions
 d - a potion of haste {unknown}
 g - 2 potions of brilliance {unknown}
 o - 2 potions of might {unknown}
 q - a potion of curing {unknown}
 w - a potion of flight {unknown}
Books
 b - a book of Necromancy

   Spells                             Type                      Level
   a - Pain                           Necromancy                   1
   b - Animate Skeleton               Necromancy                   1
   c - Vampiric Draining              Necromancy                   3
   d - Regeneration                   Charms/Necromancy            3
   e - Animate Dead                   Necromancy                   4
   f - Control Undead                 Necromancy                   4
Comestibles
 c - 4 bread rations
 t - a meat ration
 v - a chunk of flesh


   Skills:
 + Level 2.2 Fighting
 - Level 2.9 Armour
 - Level 2.1 Dodging
 - Level 2.4 Stealth
 + Level 3.0 Spellcasting
 + Level 7.5 Necromancy
 + Level 2.7 Evocations


You had 8 spell levels left.
You knew the following spells:

 Your Spells              Type           Power        Failure   Level  Hunger
a - Pain                  Necr           ####         1%          1    None
v - Vampiric Draining     Necr           ####......   5%          3    ###....


Dungeon Overview and Level Annotations

Branches:
Dungeon (6/15)
 Temple: D:4-7

Altars:
Makhleb
Nemelex Xobeh


Innate Abilities, Weirdness & Mutations

You are resistant to damage.
You can heal yourself by infusing magical energy.
You passively map a small area around you.
You do not regenerate.


Message History

Aiming: Vampiric Draining
Press: ? - help, Shift-Dir - straight line, f - orc warrior
Aim: an orc warrior, wielding a glaive and wearing a plate armour The orc warrior is lightly wounded.
You feel life coursing into your body.
The orc warrior hits you with a glaive!!
* * * LOW HITPOINT WARNING * * *
Unknown command.
Unknown command.
Casting: Vampiric Draining
Confirm with . or Enter, or press ? or * to list all spells.
Aiming: Vampiric Draining
Press: ? - help, Shift-Dir - straight line, f/p - orc warrior
Aim: an orc warrior, wielding a glaive and wearing a plate armour (lightly wounded)
The orc warrior is moderately wounded.
You feel life coursing into your body. The scorpion barely misses you.
Unknown command.
Unknown command.
The orc warrior hits you with a glaive!
You die...

#†######.......#
#.##...........#
#.##.#####..####
#.##.#####..# #
#.##.##.....# *
#.##^##.##.###
#.##.........# ,
#########s##.......#.###
,,
.......@...)............
,
########o###.........###
, ##.###.........# * *,*
#...##...>.....#
#...##........## ,, ,
####...########..!#
######### #.........#
#...#
#.......#####o.<.....##
#...#
#.####......o.......##_


You could see an orc warrior and a scorpion.

Vanquished Creatures
  A sky beast (D:6)
  An ogre (D:4)
  2 scorpions
  4 orc wizards
  An orc priest (D:5)
  A bullfrog skeleton (D:4)
  A worker ant (D:4)
  3 worker ant zombies
  3 gnolls (D:5)
  5 adders
  2 adder skeletons
  2 leopard geckos
  12 orcs
  A bat (D:2)
  2 giant cockroaches (D:4)
  4 jackals (D:6)
  2 kobolds
  2 quokkas
  A ball python (D:3)
  A frilled lizard (D:4)
51 creatures vanquished.

Notes
Turn   | Place    | Note
-------+----------+-------------------------------------------
     0 | D:1      | letownia2 the Deep Dwarf Necromancer began the quest for the Orb.
     0 | D:1      | Reached XP level 1. HP: 15/15 MP: 3/3
   181 | D:3      | Reached XP level 2. HP: 22/22 MP: 1/5
   280 | D:3      | Reached skill level 5 in Necromancy
   483 | D:4      | Found a sparkling altar of Nemelex Xobeh.
   613 | D:4      | Reached XP level 3. HP: 25/28 MP: 6/6
   637 | D:4      | Noticed a scorpion
   673 | D:4      | Killed a scorpion
   673 | D:4      | Reached skill level 6 in Necromancy
   673 | D:4      | Reached XP level 4. HP: 27/36 MP: 0/7
   744 | D:4      | Learned a level 3 spell: Vampiric Draining
   849 | D:4      | Got an ancient dagger
   853 | D:4      | Identified the cursed +1 dagger of Descent {pierce, rN+} (You found it on level 4 of the Dungeon)
   943 | D:4      | Reached skill level 1 in Armour
  1185 | D:4      | Noticed an ogre
  1191 | D:4      | Killed an ogre
  1191 | D:4      | Reached XP level 5. HP: 37/42 MP: 2/8
  1269 | D:5      | Entered Level 5 of the Dungeon
  1424 | D:5      | Reached XP level 6. HP: 45/50 MP: 4/9
  1487 | D:5      | Found a burning altar of Makhleb.
  1498 | D:5      | Reached skill level 1 in Fighting
  1530 | D:5      | Reached skill level 7 in Necromancy
  1897 | D:5      | Reached skill level 1 in Evocations
  2675 | D:6      | Noticed an orc warrior
  2725 | D:5      | Reached XP level 7. HP: 49/58 MP: 3/11
  2890 | D:6      | HP: 2/60 [orc warrior/glaive (17)]
  2892 | D:6      | Slain by an orc warrior

Skill      XL: |  1  2  3  4  5  6  7 |
---------------+----------------------+-----
Spellcasting   | 2 3 |  3.0
Necromancy     | 5 6 7 |  7.5
Armour         | 2 |  2.9
Fighting       | 1 2 |  2.2
Evocations     | 2 |  2.7
Dodging        | |  2.1
Stealth        | |  2.4

Action                   |  1- 3 |  4- 6 |  7- 9 || total
-------------------------+-------+-------+-------++-------
Melee: Staff             |     6 |       |       ||     6
       Dagger            |       |    44 |    35 ||    79
Throw: Tomahawk          |       |     7 |       ||     7
 Cast: Pain              |    19 |    51 |     5 ||    75
       Vampiric Draining |       |    16 |     6 ||    22
  Use: Scroll            |       |     1 |       ||     1
  Eat: Chunk             |       |     7 |     2 ||     9
Armor: Ring mail         |     4 |    23 |    21 ||    48
Dodge: Dodged            |     4 |    39 |    16 ||    59
